 Dungeon Crawl Stone Soup version 0.27.1-16-g815e20cd7a (webtiles) character file.

Game seed: 10214963182314508361

44 bearlyready the Chopper (level 3, 0/33 HPs)
             Began as a Minotaur Monk on Nov 23, 2021.
             Slain by Crazy Yiuf (7 damage)
             ... on level 2 of the Dungeon.
             The game lasted 00:01:02 (1473 turns).

bearlyready the Chopper (Minotaur Monk)             Turns: 1473, Time: 00:01:03

Health: 0/33       AC: 10    Str: 16    XL:     3   Next: 41%
Magic:  2/2        EV:  5    Int:  7    God:
Gold:   90         SH:  0    Dex: 12    Spells: 2/2 levels left

rFire    . . .     SeeInvis .   a - +0 hand axe
rCold    . . .     Faith    .   (no shield)
rNeg     . . .     Spirit   .   l - +0 plate armour
rPois    .         Reflect  .   (helmet restricted)
rElec    .         Harm     .   (no cloak)
rCorr    .         Rampage  .   (no gloves)
Will     .....                  (no boots)
Stlth    ..........             (no amulet)
HPRegen  0.11/turn              (no ring)
MPRegen  0.08/turn              (no ring)

@: very slightly contaminated, invisible
A: horns 2, retaliatory headbutt
a: no special abilities


You were on level 2 of the Dungeon.
You visited 1 branch of the dungeon, and saw 2 of its levels.

You collected 90 gold pieces.

Inventory:

Hand Weapons
 a - a +0 hand axe (weapon)
Armour
 l - a +0 plate armour (worn)
Scrolls
 b - a scroll of teleportation {unknown}
 c - 2 scrolls of fear {unknown}
 d - a scroll of immolation {unknown}
 e - a scroll of amnesia {unknown}
 f - 2 scrolls of identify {unknown}
 h - a scroll of torment {unknown}
 j - a scroll of vulnerability {unknown}
Potions
 g - a potion of haste {unknown}
 i - a potion of lignification {unknown}
 k - a potion of degeneration {unknown}


   Skills:
 - Level 3.6 Fighting
 + Level 5.4 Axes
 - Level 3.3 Dodging
 - Level 1.6 Stealth


You had 2 spell levels left.
You didn't know any spells.
Your spell library contained the following spells:

 Spells                   Type           Power      Damage    Failure   Level
 Static Discharge         Conj/Air       0%         N/A       100%        2
 Lightning Bolt           Conj/Air       0%         1d11      100%        5
 Maxwell's Capacitive Co  Air            0%         ∞         100%        8


Dungeon Overview and Level Annotations

Branches:
Dungeon (2/15)

Altars:

Annotations:
D:2 Crazy Yiuf


Innate Abilities, Weirdness & Mutations

You have a pair of horns on your head.
You reflexively headbutt those who attack you in melee.


Message History

b - a scroll labelled XEVIR PIZITEGY
There is a faded altar of an unknown god here.
Found a stone staircase leading up.
Found a scroll labelled SEUR OHUIP.
Found a stone staircase leading down.
d - a scroll labelled SEUR OHUIP
There is a stone staircase leading up here.
You see here a hobgoblin skeleton.
Found four maces.
Found a runed translucent door.
Crazy Yiuf shouts!
You see here a +0 mace.
You see here a +0 mace.
Could not explore, unopened runed door.
You open the door. You hit Crazy Yiuf.
Crazy Yiuf is lightly wounded.
You hit Crazy Yiuf but do no damage. Your headbutt misses Crazy Yiuf.
Crazy Yiuf is lightly wounded.
Crazy Yiuf hits you with a +3 quarterstaff of chaos.
You fade into invisibility!
You are very lightly contaminated with residual magic.
You barely miss Crazy Yiuf.
Crazy Yiuf is lightly wounded.
Crazy Yiuf laughs, "Two!"
Crazy Yiuf barely misses you.
Crazy Yiuf sings, "Trees, trees, trees, circus!"
Crazy Yiuf hits you but does no damage.
You hit Crazy Yiuf but do no damage.
Crazy Yiuf is lightly wounded.
Crazy Yiuf hits you with a +3 quarterstaff of chaos.
You hit Crazy Yiuf but do no damage.
Crazy Yiuf is lightly wounded.
Crazy Yiuf hits you with a +3 quarterstaff of chaos!
Crazy Yiuf burns you!
* * * LOW HITPOINT WARNING * * *
You hit Crazy Yiuf. Your headbutt misses Crazy Yiuf.
Crazy Yiuf is moderately wounded.
Crazy Yiuf cries, "Paint down sanguine!"
Crazy Yiuf hits you with a +3 quarterstaff of chaos!
You die...

.........................##......
...........###########.###.......
...........# #.....##...#
...........# ##### #.##########
........(..# #..)# #.# #...#
...........# #...# ### #...#
...........# ..) #...#
...........# #g# #...#
..#........# ##@# #####...####
...........# #)## #..#.......#
.###......## ##.# ##.........#
.##......### #.## #..#.......#
.#.........# ##.## ####.......#
.........#.# #...## #####.##.###
##....>..#.# #....# #.>.......#
##.........# #....# #.........#
........#### #....####...).....##


You could see Crazy Yiuf.

Vanquished Creatures
  2 adders (D:2)
  2 dart slugs
  3 bats
  2 endoplasms (D:1)
  4 hobgoblins
  2 jackals (D:2)
  A quokka (D:1)
  2 ball pythons (D:2)
  2 frilled lizards
  A rat (D:1)
21 creatures vanquished.

Notes
Turn   | Place    | Note
-------+----------+-------------------------------------------
     0 | D:1      | bearlyready the Minotaur Monk began the quest for the Orb.
     0 | D:1      | Reached XP level 1. HP: 19/19 MP: 0/0
    52 | D:1      | Reached skill level 4 in Axes
   195 | D:1      | Reached XP level 2. HP: 27/27 MP: 1/1
  1165 | D:2      | Reached skill level 5 in Axes
  1174 | D:2      | Reached XP level 3. HP: 31/33 MP: 2/2
  1207 | D:2      | Found a faded altar of an unknown god.
  1463 | D:2      | Found a runed translucent door.
  1464 | D:2      | Noticed Crazy Yiuf
  1473 | D:2      | Slain by Crazy Yiuf

Illustrated notes

Levels and vault maps discovered:
D:1:      co_arrival_square_in_a_square_in_a_square, layout_loops_ring,
          bh_walls_and_bars
D:2:      layout_rooms, hellmonk_ecumenical_altar_run_dry,
          uniq_crazy_yiuf_cottage

Skill      XL: |  1  2 |
---------------+-------+-----
Axes           | 4 5 |  5.4
Fighting       | |  3.6
Dodging        | |  3.3
Stealth        | |  1.6

Action                   || total
-------------------------++-------
Melee: Hand axe          ||    63
       Headbutt          ||     8
 Stab: Sleeping          ||     1
Armor: Robe              ||     1
       Chain mail        ||    34
       Plate armour      ||     6
Dodge: Dodged            ||    23
